 Dungeon Crawl Stone Soup version 0.30-a0-354-g6b83867211 (webtiles) character file.

Game seed: 7473719296784171350

1332 ytrimaz the Carver (level 8, -1/58 HPs)
             Began as a Formicid Fighter on Nov 7, 2022.
             Shot with an arrow by a centaur (4 damage)
             ... on level 11 of the Dungeon.
             The game lasted 00:05:44 (6185 turns).

ytrimaz the Carver (Formicid Fighter)               Turns: 6185, Time: 00:05:45

Health: -1/58      AC:  8    Str: 18    XL:     8   Next: 92%
Magic:  8/8        EV:  9    Int:  7    God:
Gold:   360        SH: 12    Dex: 23    Spells: 7/7 levels left

rFire   + . .      SeeInvis +    e - +0 falchion (elec)
rCold   . . .      Faith    .    c - +1 buckler
rNeg    . . .      Spirit   .    b - +0 scale mail
rPois   .          Reflect  +    (helmet unavailable)
rElec   +          Harm     .    o - +0 cloak
rCorr   .          Rampage  .    (no gloves)
Will    .....                    (no boots)
Stlth   +.........               l - amulet of reflection
HPRegen 0.29/turn                h - ring of protection from fire
MPRegen 0.11/turn                n - +4 ring of slaying

@: studying Fighting
A: permanent stasis, dig shafts and tunnels, antennae 3, four strong arms, agile
2, electricity resistance
a: Dig, Shaft Self


You were on level 11 of the Dungeon.
You visited 1 branch of the dungeon, and saw 9 of its levels.

You collected 360 gold pieces.


Innate Abilities, Weirdness & Mutations

You cannot be hasted, slowed, berserked, paralysed or teleported.
You can dig through walls and to a lower floor.
You have a pair of large antennae on your head. (SInv)
Your four strong arms can wield two-handed weapons with a shield.
You are very agile. (Dex +8, Str/Int -2)
You are resistant to electric shocks. (rElec)


   Skills:
 - Level 3.2 Fighting
 + Level 10.4 Long Blades
 - Level 3.2 Armour
 - Level 4.0 Shields


You had 7 spell levels left.
You didn't know any spells.
Your spell library contained the following spells:

 Spells                   Type           Power      Damage    Failure   Level
 Slow                     Hex            0%         N/A       87%         1
 Confusing Touch          Hex            0%         N/A       99%         3
 Ignite Poison            Fire/Tmut/Pois 0%         N/A       99%         3
 Kindle Blastsparks       Fire/Tloc/Air  0%         2d10      99%         3
 Vampiric Draining        Necr           0%         2d6       99%         3
 Sticky Flame             Conj/Fire      0%         2d3       100%        4
 Freezing Cloud           Conj/Ice/Air   0%         6-21      100%        5
 Ignition                 Fire           0%         3d3       100%        8

Inventory:

Hand Weapons
 a - a +0 long sword
 e - a +0 falchion of electrocution (weapon)
   (You took it off an orc priest on level 5 of the Dungeon)
Missiles
 j - 2 throwing nets
 s - 7 javelins
 t - 3 boomerangs
 u - 13 poisoned darts
Armour
 b - a +0 scale mail (worn)
 c - a +1 buckler (worn)
 o - a +0 cloak (worn)
   (You found it on level 3 of the Dungeon)
Jewellery
 h - a ring of protection from fire (left hand)
   (You found it on level 1 of the Dungeon)
 l - an amulet of reflection (around neck)
   (You found it on level 2 of the Dungeon)
 n - a +4 ring of slaying (right hand)
   (You found it on level 2 of the Dungeon)
 y - a ring of ice
   (You found it on level 6 of the Dungeon)
Wands
 p - a wand of roots (6)
   (You found it on level 3 of the Dungeon)
 r - a wand of charming (21)
   (You found it on level 3 of the Dungeon)
Scrolls
 g - 3 scrolls of amnesia
 q - 2 scrolls of magic mapping
 w - a scroll of identify
Potions
 f - a potion of degeneration {unknown}
 i - a potion of ambrosia {unknown}
 k - a potion of attraction {unknown}
 m - a potion of mutation
 v - a potion of lignification {unknown}
 z - a potion of haste {unknown}

Dungeon Overview and Level Annotations

Branches:
Dungeon (12/15) Zot: 26275
 Temple: D:4-7         Lair: D:8-11         Orc: D:9-12

Altars:
Cheibriados
Gozag

Annotations:
D:5 3 runed translucent doors, OstrichLN's ghost, novice TrGl
D:6 Eustachio
D:11 Grum

..#..#. #.[.. ##........
#.... #.......## ##....
#........ #.....
#......#.####~....
#W#.......#.~~~... ##.
#.cc......#~~{~g.. ...
#..# #.{~~... .... #@h#
#.#~{... ..... #..# ..
##.... .g...##..### ##
#....
.........g.#########....
...........'.{.g........
...........######รท......
...........# #.#........
...........# ##)#......#
...........# ###......#


You could see Grum, a shadow (invisible), a wolf and 2 centaurs.


Message History

๐Ÿ˜• HP[-1]
You take 1 damage, and now have 47/58 hp.
You enter the shallow water.
Moving in this stuff is going to be slow.
Your unstable footing causes you to fumble your attack.
The electric eel shoots out a bolt of lightning at you!
The bolt of electricity hits you. You resist. ๐Ÿ˜• HP[-2]
You take 2 damage, and now have 45/58 hp.
Unknown command.
You closely miss the electric eel. You slash the electric eel!
The electric eel shoots out a bolt of lightning at you!
The bolt of electricity hits you. You resist. ๐Ÿ˜ฎ HP[-2]
You take 2 damage, and now have 43/58 hp.
Unknown command.
Your unstable footing causes you to fumble your attack.
You are too injured to fight recklessly!
Your unstable footing causes you to fumble your attack.
Grum growls angrily.
You slash the electric eel!
You kill the electric eel!
A wolf comes into view.
Grum stares intently and growls. ๐Ÿ˜• HP[+1]
The wolf howls!
You hear a howl!
Grum throws a stone.
You reflect the stone off an invisible shield around you!
The stone hits Grum! ๐Ÿ˜• HP[+1] ๐Ÿ˜• HP[+1] ๐Ÿ˜• HP[+1] Grum shouts, "Bowser!
Good boy!"
The wolf bites you but does no damage.
There is an open door here. ๐Ÿ˜• HP[+1]
The wolf attacks as you move away! You block the wolf's attack. x2
A centaur comes into view.
The centaur wields a +0 shortbow.
The centaur shoots an arrow.
The arrow hits you. The wolf bites you.
The centaur shoots an arrow.
You reflect the arrow off an invisible shield around you!
The arrow hits the centaur!
You hear a shout! ๐Ÿ˜• HP[-3]
You take 3 damage, and now have 45/58 hp.
A centaur comes into view. x2
The centaur wields a +0 shortbow.
The centaur shoots an arrow.
You reflect the arrow off an invisible shield around you!
The arrow hits the centaur.
The wolf bites you. ๐Ÿ˜• HP[-1]
You take 1 damage, and now have 44/58 hp.
A shadow comes into view.
The centaur shoots an arrow.
The arrow hits you. ๐Ÿ˜ฎ HP[-6]
You take 6 damage, and now have 38/58 hp.
The wolf attacks as you move away! You block the wolf's attack.
The centaur wields a +1 shortbow of flaming.
It bursts into flame!
The centaur shoots an arrow.
The arrow hits you.
The shadow slips into darkness.
The shadow flickers and vanishes for a moment.
The centaur shoots an arrow.
The arrow hits you. The wolf bites you. ๐Ÿ˜ฎ HP[-8]
You take 8 damage, and now have 30/58 hp.
The centaur shoots an arrow.
The arrow hits you.
* * * LOW HITPOINT WARNING * * *
The arrow burns you.
* * * LOW HITPOINT WARNING * * *
The wolf bites you.
* * * LOW HITPOINT WARNING * * *
The centaur shoots an arrow.
You reflect the arrow off an invisible shield around you!
The arrow hits the centaur.
The centaur shoots an arrow.
You reflect the arrow off an invisible shield around you!
The arrow hits the centaur!
The arrow burns the centaur.
You block the wolf's attack.
The centaur shoots an arrow.
You reflect the arrow off an invisible shield around you!
The arrow hits the centaur! ๐Ÿ˜จ HP[-7]
You take 7 damage, and now have 23/58 hp.
Unknown command.
Are you sure you want to shaft yourself?
The centaur shoots an arrow.
The arrow hits you.
* * * LOW HITPOINT WARNING * * *
You block the wolf's attack.
You begin to dig a shaft.
You continue digging a shaft.
The wolf bites you.
* * * LOW HITPOINT WARNING * * *
The centaur shoots an arrow.
You reflect the arrow off an invisible shield around you!
The arrow hits the centaur!
The arrow burns the centaur.
You kill the centaur!
The centaur shoots an arrow.
The arrow hits you!
* * * LOW HITPOINT WARNING * * *
Grum throws a stone.
You reflect the stone off an invisible shield around you!
The stone hits Grum.
The wolf bites you.
* * * LOW HITPOINT WARNING * * *
The centaur shoots an arrow.
The arrow hits you.
You die...

Skill      XL: |  1  2  3  4  5  6  7  8 |
---------------+-------------------------+-----
Long Blades    | 3 4 5 6 9 10 | 10.4
Fighting       | |  3.2
Armour         | |  3.2
Shields        | |  4.0

Action                   |  1- 3 |  4- 6 |  7- 9 || total
-------------------------+-------+-------+-------++-------
Melee: Long sword        |   101 |    93 |       ||   194
       Falchion          |       |    14 |    78 ||    92
 Abil: Shaft Self        |       |       |     3 ||     3
       Dig               |       |       |     3 ||     3
  Use: Scroll            |     7 |     3 |     4 ||    14
       Potion            |       |     2 |     6 ||     8
Armor: Scale mail        |    48 |    30 |    26 ||   104
Dodge: Dodged            |    43 |    39 |    24 ||   106
Block: Buckler           |    30 |    69 |    52 ||   151
       Reflection        |     2 |     6 |     8 ||    16

Levels and vault maps discovered:
D:1:      dpeg_arrival_renting, layout_loops_corners, minmay_liquid_box,
          chequers_serial_rivers_large_a
D:2:      layout_basic
D:3:      layout_basic, slow_altar_2
D:4:      layout_basic
D:5:      layout_basic, ebering_ghost_gozag, minmay_misc_feat_chi, minivault_14
D:6:      layout_gridville, kennysheep_mini_moat, serial_shops,
          nicolae_shop_hallway_stairs, uniq_eustachio, uniq_pikel
D:9:      layout_gridville
D:11:     layout_basic, uniq_lodul, uniq_grum
D:12:     minmay_the_grid_net [minmay_the_grid_gridbox,
          minmay_the_grid_odd_star, minmay_the_grid_eight,
          minmay_the_grid_all_tris, minmay_the_grid_dragon_b,
          minmay_the_grid_prize_shrinking_boxes], layout_irregular_city,
          erik_orc_1, xom_shifter_show

Notes
Turn   | Place    | Note
-------+----------+-------------------------------------------
     0 | D:1      | ytrimaz the Formicid Fighter began the quest for the Orb.
     0 | D:1      | Reached XP level 1. HP: 18/18 MP: 1/1
     0 | D:1      | magus.rc [v1.9.6]
   268 | D:1      | Reached XP level 2. HP: 24/24 MP: 2/2
   672 | D:1      | Reached skill level 3 in Long Blades
  1023 | D:2      | Reached XP level 3. HP: 29/29 MP: 3/3
  2192 | D:3      | Reached skill level 4 in Long Blades
  2192 | D:3      | Reached XP level 4. HP: 25/35 MP: 4/4
  2195 | D:3      | You add the spells Kindle Blastsparks, Ignite Poison and
                  | Freezing Cloud to your library.
  2587 | D:3      | Found a snail-covered altar of Cheibriados.
  2598 | D:3      | Reached XP level 5. HP: 35/41 MP: 5/5
  3002 | D:4      | Reached skill level 5 in Long Blades
  3072 | D:4      | You add the spells Sticky Flame and Ignition to your
                  | library.
  3294 | D:4      | You fall into a shaft and drop 2 floors!
  3350 | D:6      | You pick up a book of Debilitation and begin reading...
  3350 | D:6      | You add the spells Slow, Vampiric Draining and Confusing
                  | Touch to your library.
  3417 | D:6      | Reached XP level 6. HP: 25/47 MP: 6/6
  3505 | D:5      | Entered Level 5 of the Dungeon
  3533 | D:5      | Reached skill level 6 in Long Blades
  3874 | D:4      | Reached XP level 7. HP: 39/52 MP: 7/7
  4227 | D:5      | Reached skill level 7 in Long Blades
  4361 | D:5      | Identified a scroll of acquirement
  4361 | D:5      | Acquired a manual of Fighting
  4372 | D:5      | Reached skill level 8 in Long Blades
  4455 | D:5      | Found a runed translucent gate.
  4455 | D:5      | Found a runed translucent gate.
  4455 | D:5      | Found a runed translucent gate.
  4457 | D:5      | Found an opulent altar of Gozag.
  4479 | D:5      | Noticed OstrichLN's ghost (novice TrGl)
  4514 | D:5      | Noticed a vampire mosquito
  4946 | D:6      | Noticed Eustachio
  4946 | D:6      | Noticed a hornet
  4956 | D:6      | You fall into a shaft and drop 3 floors!
  5015 | D:9      | Noticed a steam dragon
  5020 | D:9      | Noticed a troll
  5025 | D:9      | Noticed a hornet
  5035 | D:9      | HP: 12/52 [hornet (5)]
  5040 | D:9      | HP: 13/52 [hornet (8)]
  5042 | D:9      | HP: 4/52 [hornet (10)]
  5044 | D:9      | Killed a hornet
  5045 | D:9      | Reached skill level 9 in Long Blades
  5045 | D:9      | Reached XP level 8. HP: 6/58 MP: 8/8
  5045 | D:9      | Noticed a shadow
  5047 | D:9      | HP: 9/58 [steam dragon (2)]
  5048 | D:9      | You fall into a shaft and drop 3 floors!
  5460 | D:11     | Noticed a kobold demonologist
  5838 | D:11     | Noticed Grum
  5911 | D:11     | Noticed a red devil
  5923 | D:11     | Gained mutation: You are resistant to electric shocks.
                  | (rElec) [potion of mutation]
  5923 | D:11     | Gained mutation: You are agile. (Dex +4, Str/Int -1)
                  | [potion of mutation]
  5923 | D:11     | Gained mutation: You are very agile. (Dex +8, Str/Int -2)
                  | [potion of mutation]
  5927 | D:11     | Killed a kobold demonologist
  5928 | D:11     | Reached skill level 10 in Long Blades
  6181 | D:11     | Noticed a shadow
  6185 | D:11     | HP: 9/58 [centaur/arrow (7)]
  6185 | D:11     | HP: 3/58 [wolf[Grum] (6)]
  6185 | D:11     | Shot with an arrow by a centaur

Vanquished Creatures
  A kobold demonologist (D:11)
  A hornet (D:9)
  A black bear (D:5)
  A wolf (D:11)
  A centaur (D:11)
  A kobold brigand (D:11)
  A necrophage (D:5)
  A howler monkey (D:5)
  An electric eel (D:11)
  2 jellies
  A hound (D:5)
  2 orc priests (D:5)
  An iron imp (D:3)
  3 iguanas
  An orc wizard (D:5)
  3 gnolls (D:5)
  7 adders
  A white imp (D:5)
  2 ufetubi
  A dart slug (D:2)
  10 orcs
  9 ball pythons
  7 endoplasms
  A giant cockroach (D:4)
  4 goblins
  4 hobgoblins
  6 jackals
  4 quokkas
  A bat (D:1)
  2 frilled lizards (D:2)
  9 kobolds
  4 rats
94 creatures vanquished.

Table legend:
 A = Non-vault XP
 B = Vault XP
 C = Vault XP percentage of total XP
 D = Non-vault monster count
 E = Vault monster count
 F = Vault count percentage of total count
                 A         B        C        D         E       F
            +---------+---------+-------+---------+---------+-------
      Total |    1861 |     158 |   7.8 |      92 |       2 |   2.1
            +---------+---------+-------+---------+---------+-------
        D:1 |      26 |       0 |   0.0 |      14 |       0 |   0.0
        D:2 |      27 |       0 |   0.0 |      15 |       0 |   0.0
        D:3 |      63 |      39 |  38.2 |      16 |       1 |   5.9
        D:4 |      87 |       0 |   0.0 |      16 |       0 |   0.0
        D:5 |     615 |       0 |   0.0 |      21 |       0 |   0.0
        D:6 |      82 |       0 |   0.0 |       2 |       0 |   0.0
        D:9 |     302 |       0 |   0.0 |       1 |       0 |   0.0
       D:11 |     659 |     119 |  15.3 |       7 |       1 |  12.5
            +---------+---------+-------+---------+---------+-------

Illustrated notes

Table legend:
 A = Kills in this place as a percentage of kills in entire the game.
 B = Kills by you in this place as a percentage of kills by you in the entire game.
 C = Kills by friends in this place as a percentage of kills by friends in the entire game.
 D = Other kills in this place as a percentage of other kills in the entire game.
 E = Experience gained in this place as a percentage of experience gained in the entire game.
 F = Experience gained in this place divided by the number of levels of this place that you have seen.
                   A       B       C       D       E      F
               +-------+-------+-------+-------+-------+----------------------
         Total | 100.0 | 100.0 |   N/A |   N/A | 100.0 | 224.3
       Dungeon | 100.0 | 100.0 |   N/A |   N/A | 100.0 | 224.3
               +-------+-------+-------+-------+-------+----------------------

Table legend: (Time is in decaauts)
 A = Elapsed time spent in this place.
 B = Non-inter-level travel time spent in this place.
 C = Inter-level travel time spent in this place.
 D = Time resting spent in this place.
 E = Time spent auto-exploring this place.
 F = Levels seen in this place.
 G = Mean time per level.
                   A        B        C        D        E       F      G
               +--------+--------+--------+--------+--------+-----+--------+
         Total |   6231 |   5962 |    269 |   1128 |   3895 |   9 |  692.3 |
       Dungeon |   6231 |   5962 |    269 |   1128 |   3895 |   9 |  692.3 |
               +--------+--------+--------+--------+--------+-----+--------+

Top non-repeatable levels by time:
     D:1: 1064 daAuts
     D:5: 1017 daAuts
     D:2: 1017 daAuts
     D:3: 883 daAuts
    D:11: 723 daAuts
     D:4: 657 daAuts
    D:12: 407 daAuts
     D:6: 368 daAuts
     D:9: 90 daAuts
